 Dungeon Crawl Stone Soup version 0.29-a0-319-gad05b8d819 (webtiles) character file.

Game seed: 17504017398910405250

11 Morbidden the Conjurer (level 2, -4/19 HPs)
             Began as a Demonspawn Conjurer on Apr 2, 2022.
             Slain by a gnoll
             ... wielding a +0 flail
              (11 damage)
             ... on level 1 of the Dungeon.
             The game lasted 00:00:28 (302 turns).

Morbidden the Conjurer (Demonspawn Conjurer)         Turns: 302, Time: 00:00:30

Health: -4/19      AC:  2    Str:  7    XL:     2   Next: 17%
Magic:  3/5        EV: 12    Int: 19    God:
Gold:   0          SH:  0    Dex: 11    Spells: 4/5 levels left

rFire   . . .      SeeInvis .   a - +1 short sword (drain)
rCold   . . .      Faith    .   (no shield)
rNeg    . . .      Spirit   .   g - +0 robe
rPois   .          Reflect  .   (no helmet)
rElec   .          Harm     .   (no cloak)
rCorr   .          Rampage  .   (no gloves)
Will    .....                   (no boots)
Stlth   ++........              e - amulet of the acrobat
HPRegen 0.06/turn               (no ring)
MPRegen 0.09/turn               (no ring)

@: no status effects
A: hooves 1
a: no special abilities


You were on level 1 of the Dungeon.
You visited 1 branch of the dungeon, and saw 1 of its levels.

Inventory:

Hand Weapons
 a - a +1 short sword of draining (weapon)
Armour
 g - a +0 robe (worn)
Jewellery
 e - an amulet of the acrobat (around neck)
Scrolls
 d - a scroll of noise {unknown}
 f - a scroll of blinking {unknown}
Potions
 b - a potion of magic
 c - a potion of degeneration {unknown}


   Skills:
 * Level 1.9 Dodging
 + Level 1.7 Stealth
 * Level 2.1 Spellcasting
 * Level 4.3 Conjurations


You had 4 spell levels left.
You knew the following spells:

 Your Spells              Type           Power      Damage    Failure   Level
a - Magic Dart            Conj           72%        1d6       2%          1

Your spell library contained the following spells:

 Spells                   Type           Power      Damage    Failure   Level
 Searing Ray              Conj           36%        2d5       4%          2
 Dazzling Flash           Conj/Hex       20%        N/A       21%         3
 Fulminant Prism          Conj/Hex       5%         3d7       56%         4
 Iskenderun's Mystic Bla  Conj/Tloc      10%        2d4       56%         4


Dungeon Overview and Level Annotations

Branches:
Dungeon (1/15)

Altars:


Innate Abilities, Weirdness & Mutations

You have large cloven feet.


Message History

You closely miss the hobgoblin.
The hobgoblin is severely wounded.
The hobgoblin barely misses you. x2
You hit the hobgoblin.
You kill the hobgoblin!
You hit the goblin.
You kill the goblin!
Unknown command.
You hit the kobold but do no damage. You drain the kobold.
Your kick misses the kobold.
The kobold is severely wounded.
The kobold closely misses you.
You hit the kobold.
You kill the kobold!
You closely miss the gnoll. Your kick misses the gnoll.
The gnoll hits you with a +0 flail.
You are too injured to fight recklessly!
You are too injured to fight recklessly!
You are too injured to fight recklessly!
You are too injured to fight recklessly!
Unknown command.
Casting: Magic Dart (safe; 2% risk of failure)
Confirm with . or Enter, or press ? or * to list all spells.
Aiming: Magic Dart (safe; 2% risk of failure)
Press: ? - help, Shift-Dir - straight line, f - gnoll
Aim: a gnoll, wielding a +0 flail (100% to hit)
The magic dart hits the gnoll.
The gnoll is heavily wounded.
The gnoll misses you.
Unknown command.
Casting: Magic Dart (safe; 2% risk of failure)
Confirm with . or Enter, or press ? or * to list all spells.
Aiming: Magic Dart (safe; 2% risk of failure)
Press: ? - help, Shift-Dir - straight line, f/p - gnoll
Aim: a gnoll, wielding a +0 flail (heavily wounded, 100% to hit)
The magic dart hits the gnoll.
The gnoll is almost dead.
The gnoll hits you with a +0 flail!
Ouch! That really hurt!
You die...

### ...≈... ##P## ≈.§.§.≈)≈#
####..P# §§§≈§..≈.###
##P#P...# ≈§≈.≈§≈.≈..
#P.#.P≈[♣ .§§..≈....#
#.#..≈≈._ ≈.§.≈.≈.≈§
###.##.PP.♣
...§...≈l#########.P.P#P...#
≈.≈.≈.≈.≈rg@........####..P#
§§§.§..S######.#####..##P##
≈§§§§.≈.≈# #.# ##.####
.§§≈..g≈.# ###.### #.#
§.≈§§.≈..# #.....# #.#
#§..####.# ##.....####.#####
.... #.# #...÷............
#.. #.# #......#########. #.
#.###......# #.


You could see a gnoll, a quokka, a ball python and a frilled lizard.

Vanquished Creatures
  A dart slug (D:1)
  An endoplasm (D:1)
  2 goblins (D:1)
  A hobgoblin (D:1)
  2 kobolds (D:1)
  A ball python (D:1)
  A bat (D:1)
9 creatures vanquished.

Notes
Turn   | Place    | Note
-------+----------+-------------------------------------------
     0 | D:1      | Morbidden the Demonspawn Conjurer began the quest for the
                  | Orb.
     0 | D:1      | Reached XP level 1. HP: 13/13 MP: 3/3
   200 | D:1      | Found a faded altar of an unknown god.
   226 | D:1      | Gained mutation: You have large cloven feet. [demonic
                  | ancestry]
   226 | D:1      | Reached XP level 2. HP: 19/19 MP: 0/5
   302 | D:1      | Slain by a gnoll

Illustrated notes

Levels and vault maps discovered:
D:1:      kennysheep_arrival_seaside, layout_loops_ring,
          dreamdust_ecumenical_altar_hidden_monk_grotto, kennysheep_crisscross

Action                   || total
-------------------------++-------
Melee: Short sword       ||    10
       Kick              ||     1
 Cast: Magic Dart        ||    12
Dodge: Dodged            ||     8

Table legend: (Time is in decaauts)
 A = Elapsed time spent in this place.
 B = Non-inter-level travel time spent in this place.
 C = Inter-level travel time spent in this place.
 D = Time resting spent in this place.
 E = Time spent auto-exploring this place.
 F = Levels seen in this place.
 G = Mean time per level.
                   A        B        C        D        E       F      G
               +--------+--------+--------+--------+--------+-----+--------+
         Total |    302 |    302 |      0 |      0 |    250 |   1 |  302.0 |
       Dungeon |    302 |    302 |      0 |      0 |    250 |   1 |  302.0 |
               +--------+--------+--------+--------+--------+-----+--------+

Top non-repeatable levels by time:
     D:1: 302 daAuts
